A+ EAST
JERSEY SHORE BLUECLAWS @ GREENSBORO GRASSHOPPERS
08/04/2041
 
TOP OF THE 1ST
Jersey Shore BlueClaws batting - Pitching for Greensboro Grasshoppers : RHP Don Robinson
Pitching: RHP Don Robinson
Batting: RHB Jake Allen 0-0: Ball
1-0: SINGLE (Line Drive, 34, EV 96.3 MPH)
Batting: RHB Kevin Hester 0-0: Sac Bunt to 15S - play at first, batter OUT! 1-3
Jake Allen to second
Batting: LHB Oscar Williams 0-0: Foul Ball, location: 2F
0-1: Swinging Strike
0-2: Ball
1-2: Ball
2-2: Foul Ball, location: 25F
2-2: Foul Ball, location: 25F
2-2: Ball
3-2: Strikes out swinging
Batting: LHB Tim McCall 0-0: Swinging Strike
0-1: Called Strike
0-2: Foul Ball, location: 7LSF
0-2: Strikes out swinging
Top of the 1st over - 0 runs, 1 hit, 0 errors, 1 left on base; Jersey Shore 0 - Greensboro 0
BOTTOM OF THE 1ST
Greensboro Grasshoppers batting - Pitching for Jersey Shore BlueClaws : RHP Billy Turner
Pitching: RHP Billy Turner
Batting: RHB Wes MacMartin 0-0: Called Strike
0-1: Foul Ball, location: 2F
0-2: Hit by Pitch
Batting: RHB Derek Adams 0-0: Fly out, F9 (Flyball, 9, EV 94.4 MPH)
Batting: LHB Ben Walker 0-0: Called Strike
0-1: Foul Ball, location: 5F
0-2: Ball
1-2: Foul Ball, location: 7LMF
1-2: Fly out, F9 (Flyball, 9, EV 95.0 MPH)
Batting: SHB Bob Vélez 0-0: Swinging Strike
0-1: Foul Ball, location: 2LF
0-2: Strikes out looking
Bottom of the 1st over - 0 runs, 0 hits, 0 errors, 1 left on base; Jersey Shore 0 - Greensboro 0
TOP OF THE 2ND
Jersey Shore BlueClaws batting - Pitching for Greensboro Grasshoppers : RHP Don Robinson
Batting: RHB José Velásquez 0-0: Ball
1-0: Called Strike
1-1: Foul Ball, location: 2F
1-2: Strikes out swinging
Batting: RHB Xavier Johns 0-0: Foul Ball, location: 2LF
0-1: Ball
1-1: Swinging Strike
1-2: Strikes out swinging
Batting: RHB Eric Starr 0-0: Ball
1-0: Ball
2-0: Called Strike
2-1: Swinging Strike
2-2: Strikes out looking
Top of the 2nd over - 0 runs, 0 hits, 0 errors, 0 left on base; Jersey Shore 0 - Greensboro 0
BOTTOM OF THE 2ND
Greensboro Grasshoppers batting - Pitching for Jersey Shore BlueClaws : RHP Billy Turner
Batting: RHB Pepe Bañuelos 0-0: Ball
1-0: Ball
2-0: Foul Ball, location: 3FF
2-1: Foul Ball, location: 3SF
2-2: Ball
3-2: Fly out, F9 (Flyball, 89D, EV 99.4 MPH)
Batting: RHB Dave Guy 0-0: Swinging Strike
0-1: Swinging Strike
0-2: Foul Ball, location: 9LSF
0-2: Ball
1-2: Foul Ball, location: 5FF
1-2: Strikes out swinging
Batting: LHB Carl Reader 0-0: Called Strike
0-1: Fly out, F8 (Flyball, 8RXD, EV 110.0 MPH)
Bottom of the 2nd over - 0 runs, 0 hits, 0 errors, 0 left on base; Jersey Shore 0 - Greensboro 0
TOP OF THE 3RD
Jersey Shore BlueClaws batting - Pitching for Greensboro Grasshoppers : RHP Don Robinson
Batting: RHB Rob Graves 0-0: Called Strike
0-1: Foul Ball, location: 3SF
0-2: Ball
1-2: Ball
2-2: Ball
3-2: Strikes out swinging
Batting: RHB Demetrio Lado 0-0: Foul Ball, location: 9LMF
0-1: Ball
1-1: Hit by Pitch
Batting: RHB Jake Allen 0-0: Called Strike
0-1: Foul Ball, location: 25F
0-2: Ball
1-2: Foul Ball, location: 3DF
1-2: Strikes out swinging
Batting: RHB Kevin Hester 0-0: Ball
1-0: Called Strike
1-1: Ground out U3 (Groundball, 3S, EV 68.1 MPH)
Top of the 3rd over - 0 runs, 0 hits, 0 errors, 1 left on base; Jersey Shore 0 - Greensboro 0
BOTTOM OF THE 3RD
Greensboro Grasshoppers batting - Pitching for Jersey Shore BlueClaws : RHP Billy Turner
Batting: RHB Kevin Bauer 0-0: Ball
1-0: Called Strike
1-1: Ground out 6-3 (Groundball, 6, EV 83.8 MPH)
Batting: RHB Luis Cuestas 0-0: Ball
1-0: Ball
2-0: Ground out 6-3 (Groundball, P, EV 92.5 MPH)
Batting: RHB Wes MacMartin 0-0: Ball
1-0: Ground out 3-1 (Groundball, 34, EV 96.3 MPH)
Bottom of the 3rd over - 0 runs, 0 hits, 0 errors, 0 left on base; Jersey Shore 0 - Greensboro 0
TOP OF THE 4TH
Jersey Shore BlueClaws batting - Pitching for Greensboro Grasshoppers : RHP Don Robinson
Batting: LHB Oscar Williams 0-0: Called Strike
0-1: Ball
1-1: DOUBLE (Flyball, 78D, EV 93.8 MPH)
Batting: LHB Tim McCall 0-0: Foul Ball, location: 9LSF
0-1: Foul Ball, location: 2F
0-2: Strikes out swinging
Batting: RHB José Velásquez 0-0: Fly out, F8 (Flyball, 78XD, EV 92.5 MPH)
Runner from 2nd tags up, SAFE at 3rd, no throw by CF
Batting: RHB Xavier Johns 0-0: Ball
1-0: Ball
2-0: Ground out 4-3 (Groundball, 4, EV 81.3 MPH)
Top of the 4th over - 0 runs, 1 hit, 0 errors, 1 left on base; Jersey Shore 0 - Greensboro 0
BOTTOM OF THE 4TH
Greensboro Grasshoppers batting - Pitching for Jersey Shore BlueClaws : RHP Billy Turner
Batting: RHB Derek Adams 0-0: Called Strike
0-1: Ball
1-1: Ball
2-1: Fly out, F8 (Flyball, 8LD, EV 107.5 MPH)
Batting: LHB Ben Walker 0-0: Ball
1-0: Ball
2-0: Ball
3-0: Base on Balls
Batting: SHB Bob Vélez 0-0: Foul Ball, location: 2F
0-1: Called Strike
Ben Walker is caught stealing 2nd base 2-6
0-2: Strikes out swinging
Bottom of the 4th over - 0 runs, 0 hits, 0 errors, 0 left on base; Jersey Shore 0 - Greensboro 0
TOP OF THE 5TH
Jersey Shore BlueClaws batting - Pitching for Greensboro Grasshoppers : RHP Don Robinson
Batting: RHB Eric Starr 0-0: Called Strike
0-1: Ball
1-1: Swinging Strike
1-2: Strikes out swinging
Batting: RHB Rob Graves 0-0: Foul Ball, location: 2F
0-1: Swinging Strike
0-2: Foul Ball, location: 5SF
0-2: Foul Ball, location: 2F
0-2: Ball
1-2: Ball
2-2: Foul Ball, location: 2F
2-2: Strikes out swinging
Batting: RHB Demetrio Lado 0-0: Called Strike
0-1: Ball
1-1: Swinging Strike
1-2: Strikes out swinging
Top of the 5th over - 0 runs, 0 hits, 0 errors, 0 left on base; Jersey Shore 0 - Greensboro 0
BOTTOM OF THE 5TH
Greensboro Grasshoppers batting - Pitching for Jersey Shore BlueClaws : RHP Billy Turner
Batting: RHB Pepe Bañuelos 0-0: Ground out 5-3 (Groundball, 5, EV 100.6 MPH)
Batting: RHB Dave Guy 0-0: Foul Ball, location: 9LDF
0-1: Foul Ball, location: 23F
0-2: Ball
1-2: Foul Ball, location: 2F
1-2: Ball
2-2: Ball
3-2: Base on Balls
Batting: LHB Carl Reader 0-0: Ball
1-0: Ball
2-0: Ball
3-0: Called Strike
3-1: Foul Ball, location: 2F
3-2: SINGLE (Groundball, 4M, EV 93.1 MPH) (infield hit)
Dave Guy to second
Batting: RHB Kevin Bauer 0-0: Called Strike
0-1: Swinging Strike
0-2: Foul Ball, location: 3F
0-2: Ball
1-2: Ball
2-2: SINGLE (Line Drive, 7S, EV 110.6 MPH)
Dave Guy to third
Carl Reader to second
Batting: RHB Luis Cuestas 0-0: Ball
Wild Pitch!
Dave Guy scores
Carl Reader to third
Kevin Bauer to second
1-0: Fly out, F7 (Flyball, 78S, EV 94.4 MPH)
Batting: RHB Wes MacMartin 0-0: Swinging Strike
0-1: Fly out, F3 (Popup, 3SF, EV 71.3 MPH)
Bottom of the 5th over - 1 run, 2 hits, 0 errors, 2 left on base; Jersey Shore 0 - Greensboro 1
TOP OF THE 6TH
Jersey Shore BlueClaws batting - Pitching for Greensboro Grasshoppers : RHP Don Robinson
Batting: RHB Jake Allen 0-0: Ball
1-0: Ball
2-0: Ball
3-0: Base on Balls
Batting: RHB Kevin Hester 0-0: Sac Bunt to 2L - play at first, batter OUT! 2-3
Jake Allen to second
Batting: LHB Oscar Williams 0-0: Ball
1-0: Called Strike
1-1: Ball
2-1: Ball
3-1: Base on Balls
Batting: LHB Tim McCall 0-0: Ball
1-0: Foul Ball, location: 2F
1-1: Called Strike
1-2: Ball
2-2: Foul Ball, location: 2F
2-2: Ball
3-2: Base on Balls
Jake Allen to third
Oscar Williams to second
Pitching: LHP Kevin Nelson
Batting: RHB José Velásquez 0-0: Called Strike
0-1: Called Strike
0-2: Strikes out swinging
Batting: RHB Xavier Johns 0-0: Foul Ball, location: 9LSF
0-1: Ball
1-1: GRAND SLAM HOME RUN (Flyball, 7LD, EV 93.8 MPH), Distance : 342 ft
Batting: RHB Eric Starr 0-0: Ball
1-0: Called Strike
1-1: Swinging Strike
1-2: Strikes out swinging
Top of the 6th over - 4 runs, 1 hit, 0 errors, 0 left on base; Jersey Shore 4 - Greensboro 1
BOTTOM OF THE 6TH
Greensboro Grasshoppers batting - Pitching for Jersey Shore BlueClaws : RHP Billy Turner
Batting: RHB Derek Adams 0-0: Called Strike
0-1: Ball
1-1: Ball
2-1: Foul Ball, location: 2F
2-2: Ball
3-2: Foul Ball, location: 2F
3-2: Base on Balls
Batting: LHB Ben Walker 0-0: Ball
1-0: Ball
2-0: Ball
3-0: Called Strike
3-1: Foul Ball, location: 25FF
3-2: Base on Balls
Derek Adams to second
Batting: SHB Bob Vélez 0-0: Fly out, F9 (Flyball, 89S, EV 90.0 MPH)
Batting: RHB Pepe Bañuelos 0-0: Ball
1-0: Ball
2-0: Called Strike
2-1: Ball
3-1: Grounds into double play, 1-6-3 (Groundball, 13, EV 71.9 MPH)
Bottom of the 6th over - 0 runs, 0 hits, 0 errors, 1 left on base; Jersey Shore 4 - Greensboro 1
TOP OF THE 7TH
Jersey Shore BlueClaws batting - Pitching for Greensboro Grasshoppers : LHP Kevin Nelson
Batting: RHB Rob Graves 0-0: Ball
1-0: Foul Ball, location: 3FF
1-1: Foul Ball, location: 2F
1-2: Ball
2-2: Strikes out swinging
Batting: RHB Demetrio Lado 0-0: Called Strike
0-1: Swinging Strike
0-2: Ball
1-2: Strikes out swinging
Batting: RHB Jake Allen 0-0: Called Strike
0-1: Called Strike
0-2: Foul Ball, location: 9LSF
0-2: Foul Ball, location: 3F
0-2: Strikes out looking
Top of the 7th over - 0 runs, 0 hits, 0 errors, 0 left on base; Jersey Shore 4 - Greensboro 1
BOTTOM OF THE 7TH
Greensboro Grasshoppers batting - Pitching for Jersey Shore BlueClaws : RHP Billy Turner
Batting: RHB Dave Guy 0-0: Ball
1-0: Ball
2-0: Ground out 6-3 (Groundball, 6, EV 104.4 MPH)
Pitching: LHP Robinson Olivo
Pinch Hitting: RHB Chris Parkinson 0-0: Called Strike
0-1: Ball
1-1: Ball
2-1: Called Strike
2-2: Fly out, F3 (Popup, 3F, EV 79.4 MPH)
Pitching: RHP Jorge Vega
Pinch Hitting: SHB Curt Watson 0-0: Ball
1-0: Ball
2-0: Called Strike
2-1: Ball
3-1: Base on Balls
Batting: RHB Luis Cuestas 0-0: Called Strike
0-1: Ball
Passed Ball!
Curt Watson to second
1-1: Ball
2-1: SINGLE (Groundball, 34D, EV 99.4 MPH)
Curt Watson to third
Runner from 3rd tries for Home, SAFE, throw by RF to home
Luis Cuestas to second
Batting: RHB Wes MacMartin 0-0: Ball
1-0: Swinging Strike
1-1: Ball
2-1: Ball
3-1: Called Strike
3-2: Base on Balls
Batting: RHB Derek Adams 0-0: Fly out, F8 (Flyball, 8RD, EV 95.0 MPH)
Bottom of the 7th over - 1 run, 1 hit, 0 errors, 2 left on base; Jersey Shore 4 - Greensboro 2
TOP OF THE 8TH
Jersey Shore BlueClaws batting - Pitching for Greensboro Grasshoppers : LHP Kevin Nelson
Now at 1B: Chris Parkinson
Now at 2B: Dave Guy
Now at 3B: Jim Torraville
Batting: RHB Kevin Hester 0-0: Swinging Strike
0-1: Foul Ball, location: 2F
0-2: Ball
1-2: Strikes out swinging
Batting: LHB Oscar Williams 0-0: Foul Ball, location: 7LDF
0-1: Swinging Strike
0-2: Ball
1-2: Strikes out swinging
Pinch Hitting: RHB Jim Bergquist 0-0: Swinging Strike
0-1: Called Strike
0-2: Foul Ball, location: 9LSF
0-2: Ball
1-2: Foul Ball, location: 9LDF
1-2: Foul Ball, location: 5FF
1-2: Strikes out swinging
Top of the 8th over - 0 runs, 0 hits, 0 errors, 0 left on base; Jersey Shore 4 - Greensboro 2
BOTTOM OF THE 8TH
Greensboro Grasshoppers batting - Pitching for Jersey Shore BlueClaws : RHP Jorge Vega
Now at 3B: Pat Miller
Batting: LHB Ben Walker 0-0: Ball
1-0: Swinging Strike
1-1: Ball
2-1: Called Strike
2-2: Ball
3-2: Base on Balls
Batting: SHB Bob Vélez 0-0: Called Strike
0-1: Ball
1-1: Foul Ball, location: 2F
1-2: Ball
2-2: Ball
3-2: Foul Ball, location: 23F
3-2: Strikes out swinging
Pinch Hitting: LHB Andre Vigil Jr. 0-0: Ball
1-0: Called Strike
1-1: Ball
2-1: Ball
3-1: Foul Ball, location: 2F
3-2: Base on Balls
Ben Walker to second
Pitching: RHP Danny Miller
Pinch Hitting: LHB Luis Hernández 0-0: Called Strike
0-1: Fly out, F9 (Flyball, 9S, EV 86.9 MPH)
Pinch Hitting: LHB Steve Leach 0-0: Ball
1-0: Called Strike
1-1: Swinging Strike
1-2: Strikes out swinging
Bottom of the 8th over - 0 runs, 0 hits, 0 errors, 2 left on base; Jersey Shore 4 - Greensboro 2
TOP OF THE 9TH
Jersey Shore BlueClaws batting - Pitching for Greensboro Grasshoppers : LHP Kevin Nelson
Pitching: RHP Chris Morgan
Now at 1B: Steve Leach
Now at 2B: Luis Balzola
Now at SS: Dan Stevens
Batting: RHB José Velásquez 0-0: Called Strike
0-1: Ball
1-1: Ball
2-1: Foul Ball, location: 2F
2-2: Fly out, F5 (Popup, 15, EV 85.0 MPH)
Batting: RHB Xavier Johns 0-0: Ball
1-0: Called Strike
1-1: Called Strike
1-2: Strikes out swinging
Pinch Hitting: LHB Jeff Kerney 0-0: Ball
1-0: Called Strike
1-1: Foul Ball, location: 7LDF
1-2: Ball
2-2: Strikes out swinging
Top of the 9th over - 0 runs, 0 hits, 0 errors, 0 left on base; Jersey Shore 4 - Greensboro 2
BOTTOM OF THE 9TH
Greensboro Grasshoppers batting - Pitching for Jersey Shore BlueClaws : RHP Danny Miller
Pitching: RHP Jon Hall
Now at 1B: Jeff Kerney
Now in CF: Phil Crawford
Batting: RHB Jim Torraville 0-0: Ball
1-0: Ball
2-0: Swinging Strike
2-1: Swinging Strike
2-2: Foul Ball, location: 7LMF
2-2: Fly out, F8 (Flyball, 8LD, EV 94.4 MPH)
Pinch Hitting: LHB Greg McDonald 0-0: Ball
1-0: Foul Ball, location: 2F
1-1: Called Strike
1-2: Ball
2-2: SOLO HOME RUN (Flyball, 9LD, EV 93.8 MPH), Distance : 354 ft
Batting: RHB Wes MacMartin 0-0: Swinging Strike
0-1: Ball
1-1: Ball
2-1: Foul Ball, location: 7LDF
2-2: Foul Ball, location: 2F
2-2: Foul Ball, location: 2F
2-2: Ball
3-2: Foul Ball, location: 3F
3-2: Strikes out swinging
Batting: RHB Derek Adams 0-0: Ball
1-0: Ball
2-0: Ball
3-0: Called Strike
3-1: Base on Balls
Pinch Runner at 1st Steve Snyder:
Batting: LHB Ben Walker 0-0: Ground out 4-3 (Groundball, 4, EV 101.9 MPH)
Bottom of the 9th over - 1 run, 1 hit, 0 errors, 1 left on base; Jersey Shore 4 - Greensboro 3
Monday, April 1st , 2024 - OOTP Baseball 24.10 Build 82